 Dungeon Crawl Stone Soup version 0.30.1 (webtiles) character file.

Game seed: 16358570190389713406

1032 Peloso the Covered (level 8, -6/70 HPs)
             Began as a Minotaur Fighter on July 8, 2023.
             Mangled by a wight
             ... wielding a +3 dire flail
              (11 damage)
             ... on level 5 of the Dungeon.
             The game lasted 00:08:32 (5122 turns).

Peloso the Covered (Minotaur Fighter)               Turns: 5122, Time: 00:08:33

Health: -6/70      AC:  7    Str: 22    XL:     8   Next: 3%
Magic:  7/7        EV: 10    Int:  5    God:
Gold:   272        SH: 11    Dex: 14    Spells: 7/7 levels left

rFire   . . .        c - +4 mace of Arbitration {freeze, rElec rPois Dex+3}
rCold   + . .        d - +1 buckler {rPois}
rNeg    + . .        b - +0 scale mail of the Volcano {rC+}
rPois   +            (helmet restricted)
rElec   +            (no cloak)
rCorr   .            (no gloves)
SInv    .            (no boots)
Will    .....        m - amulet of Vehumet's Pride {Reflect rElec rN+ SH+5} Stlth
                     (no ring)
HPRegen 0.31/turn    (no ring)
MPRegen 0.10/turn

%: reflection
@: no status effects
A: horns 2, retaliatory headbutt
a: no special abilities


You were on level 5 of the Dungeon.
You visited 1 branch of the dungeon, and saw 6 of its levels.

You collected 272 gold pieces.

Inventory:

Hand Weapons
 a - a +0 long sword
 c - the +4 mace of Arbitration (weapon) {freeze, rElec rPois Dex+3}
   (You found it on level 5 of the Dungeon)

   Dex:       It affects your dexterity (+3).
   rElec:     It insulates you from electricity.
   rPois:     It protects you from poison.
Armour
 b - the +0 scale mail of the Volcano (worn) {rC+}
   (You found it on level 3 of the Dungeon)

   rC:        It protects you from cold.
 d - a +1 buckler of poison resistance (worn)
 v - a +0 chain mail
Jewellery
 f - a ring of fire
 m - the amulet of Vehumet's Pride (around neck) {Reflect rElec rN+ SH+5}
   (You found it on level 2 of the Dungeon)

   [amulet of reflection]

   It reflects blocked missile attacks.
   rElec:     It insulates you from electricity.
   rN:        It protects you from negative energy.
   SH:        It affects your SH (+5).
Scrolls
 e - 2 scrolls of torment {unknown}
 g - 2 scrolls of silence {unknown}
 h - a scroll of identify
 i - 2 scrolls of teleportation
 j - a scroll of immolation
 k - a scroll of acquirement
 l - a scroll of vulnerability {unknown}
 n - a scroll of fog {unknown}
 p - a scroll of amnesia {unknown}
Potions
 o - a potion of cancellation
 q - a potion of flight
 r - a potion of heal wounds {unknown}
 s - a potion of might
 t - a potion of haste {unknown}


   Skills:
 + Level 6.2 Fighting
 + Level 5.8 Long Blades
 + Level 2.2 Maces & Flails
 + Level 7.2 Armour
 + Level 2.1 Dodging
 + Level 0.5 Stealth
 + Level 5.2 Shields


You had 7 spell levels left.
You didn't know any spells.
Your spell library was empty.

Dungeon Overview and Level Annotations

Branches:
Dungeon (6/15)
 Temple: D:4-7

Altars:
Ashenzari
Fedhas
Hepliaklqana
Trog
Uskayaw
Zin


Innate Abilities, Weirdness & Mutations

You have a pair of horns on your head.
You reflexively headbutt those who attack you in melee.


Message History

Something hits you but does no damage. The wight attacks as you move away!
The wight barely misses you.
There is a stone staircase leading up here.
You block the wight's attack.
You climb upwards.
Reactivating autopickup.
There is a stone staircase leading down here.
Unknown command.
You hear some strange, mumbled words.
A magic dart appears from out of thin air!
Deactivating autopickup; reactivate with Ctrl-A.
The magic dart hits you!
* * * LOW HITPOINT WARNING * * *
You hear some strange, mumbled words.
You are confused.
You bump into the rock wall.
The wight barely misses you.
Unknown command.
You feel better. The wight barely misses you. You furiously retaliate!
You headbutt the wight.
Unknown command.
You barely miss the wight.
The wight is lightly damaged.
The wight hits you with a +3 dire flail!
* * * LOW HITPOINT WARNING * * *
The wight hits you with a +3 dire flail!
* * * LOW HITPOINT WARNING * * *
You hit the wight. You headbutt the wight!
The wight is severely damaged.
The wight closely misses you.
You closely miss the wight.
The wight is severely damaged.
You block the wight's attack.
You closely miss the wight.
The wight is severely damaged.
You block the wight's attack.
You closely miss the wight.
The wight is severely damaged.
You block the wight's attack.
The wight hits you with a +3 dire flail!
You die...

######## #......#
#......######
#......##...##
########
####............#
#......#
#.....#.#..>....#
#......#
#.##..#.#......{#
#......#
#.##..#.#...###z#
#......#
#.#...#.#...# #@#
#......#
#.#..#..#...###.####
#......#
#.#..#..#.)........#
##....###
#.####..#..........#
#......###
#.####..#......[...#
#........#
#.......#..........#
#.........
#######....###.....#
#........# ######
#.....####........#
##.............#.##


You could see a wight.

Vanquished Creatures
  Grinder (D:5)
  2 black bears
  An orc warrior (D:6)
  An ogre (D:4)
  A gnoll sergeant (D:5)
  A wight (D:6)
  2 hounds
  An orc priest (D:6)
  3 orc wizards
  5 gnolls (D:5)
  5 adders
  A white imp (D:6)
  An ufetubus (D:6)
  2 worms
  A dart slug (D:3)
  16 orcs
  5 bats
  2 endoplasms (D:2)
  3 giant cockroaches
  3 goblins
  4 hobgoblins
  2 quokkas
  4 ball pythons
  8 frilled lizards
  14 kobolds
  5 rats
94 creatures vanquished.

Notes
Turn   | Place    | Note
-------+----------+-------------------------------------------
     0 | D:1      | Peloso the Minotaur Fighter began the quest for the Orb.
     0 | D:1      | Reached XP level 1. HP: 19/19 MP: 0/0
   365 | D:1      | Reached skill level 4 in Armour
   393 | D:1      | Reached XP level 2. HP: 27/27 MP: 1/1
  1574 | D:2      | Reached XP level 3. HP: 26/33 MP: 2/2
  1724 | D:2      | Identified the amulet of Vehumet's Pride {Reflect rElec rN+
                  | SH+5}
  2285 | D:3      | Found a bloodstained altar of Trog.
  2455 | D:3      | You fall into a shaft and drop 1 floor!
  2670 | D:4      | Found a hazy altar of Hepliaklqana.
  2670 | D:4      | Found a hide-covered altar of Uskayaw.
  2671 | D:4      | Found a broken altar of Ashenzari.
  2788 | D:3      | Identified the +0 scale mail of the Volcano {rC+}
  2890 | D:3      | Reached XP level 4. HP: 41/41 MP: 3/3
  3186 | D:3      | Reached skill level 5 in Armour
  3296 | D:3      | Found a blossoming altar of Fedhas.
  3480 | D:5      | Entered Level 5 of the Dungeon
  3497 | D:5      | Reached skill level 5 in Fighting
  3497 | D:5      | Reached XP level 5. HP: 45/48 MP: 4/4
  3533 | D:5      | Noticed Grinder
  3556 | D:5      | Paralysed by Grinder for 5 turns
  3563 | D:5      | Killed Grinder
  3564 | D:5      | Reached skill level 1 in Dodging
  3564 | D:5      | Reached XP level 6. HP: 10/56 MP: 5/5
  3732 | D:5      | Identified a scroll of acquirement
  3893 | D:4      | Reached skill level 5 in Long Blades
  3893 | D:4      | Reached skill level 6 in Armour
  3938 | D:4      | HP: 1/57 [ogre/+0 giant spiked club (19)]
  3940 | D:4      | Reached XP level 7. HP: 2/62 MP: 6/6
  4188 | D:4      | Found a glowing silver altar of Zin.
  4188 | D:4      | Noticed an angel
  4611 | D:5      | Identified the +4 mace of Arbitration {freeze, rElec rPois
                  | Dex+3}
  5015 | D:6      | Reached skill level 5 in Shields
  5066 | D:6      | Reached skill level 1 in Maces & Flails
  5068 | D:6      | Reached skill level 7 in Armour
  5102 | D:6      | Reached XP level 8. HP: 15/70 MP: 7/7
  5122 | D:5      | Mangled by a wight

Illustrated notes

Levels and vault maps discovered:
D:1:      kilobyte_arrival_exit_the_forest, layout_basic, lemuel_flame_loot_1
D:2:      layout_loops_ring, kennysheep_nondescript, corexii_hall_statues_u
D:3:      layout_loops_cross, fedhas_altar_4, general_overflow_altar,
          lexackson_kobold_supper
D:4:      layout_gridville, zin_angel, gammafunk_temple_overflow_claw
D:5:      layout_basic, chequers_mini_garden, uniq_grinder
D:6:      layout_rooms, minmay_misc_feat_enclosed, uniq_duvessa

Skill      XL: |  1  2  3  4  5  6  7 |
---------------+----------------------+-----
Armour         | 4 5 6 7 |  7.2
Fighting       | 4 5 6 |  6.2
Long Blades    | 3 4 5 |  5.8
Shields        | 4 5 |  5.2
Dodging        | 1 2 |  2.1
Maces & Flails | 2 |  2.2
Stealth        | |  0.5

Action                     |  1- 3 |  4- 6 |  7- 9 || total
---------------------------+-------+-------+-------++-------
  Melee: Long sword        |   123 |    78 |    23 ||   224
         Headbutt          |     8 |    12 |     8 ||    28
         Mace              |       |       |    47 ||    47
    Use: Potion            |     3 |       |     1 ||     4
         Scroll            |     2 |     3 |     1 ||     6
 Armour: Scale mail        |    59 |    29 |    21 ||   109
  Dodge: Dodged            |    60 |    21 |    30 ||   111
  Block: Buckler           |    46 |    29 |    35 ||   110
         Reflection        |     1 |     1 |     1 ||     3
